[Event "Late-Titled-Tuesday-Blitz-April-02-2024"]
[Site "Chess.com"]
[Date "2024.04.02"]
[Round "1"]
[White "RantomOpening"]
[Black "PonyQueen07"]
[Result "1-0"]
[WhiteElo "2573"]
[BlackElo "2162"]
[TimeControl "180+1"]
[EndTime "14:06:31 PDT"]
[Termination "RantomOpening won on time"]

1. c4 e5 2. Nc3 Nf6 3. Nf3 Nc6 4.
d4 exd4 5. Nxd4 Bb4 6. g3 O-O 7. Bg2 Nxd4 8. Qxd4 h6 9. O-O d6 10. b3 Bf5 11. Bb2 Bc5 12. Qd2 Rb8 13. Na4 Bb6 14.
Nxb6 axb6 15. f3 Re8 16. e4 Bg6 17. Rad1 Qe7 18. Rfe1 Rbd8 19. Qc3 Qf8 20. a4 Nd7 21. f4 Bh5 22. Rd2 Re7 23. h3 f6 24. g4 Bf7 25.
Re3 Rde8 26. Rde2 Nc5 27. Ba3 Bg6 28. f5 Bf7 29. h4 Re5 30. Bb2 R5e7 31. g5 Bh5 32. gxf6 gxf6 33. Rg3+ Kh7 34. Ree3 Rf7 35. e5 dxe5 36. Ba3 Rg7 37. Kh2 Rxg3 38. Rxg3 Qf7 39. Bd5 Qe7 40. b4 Nxa4 41. Qe1 c6 42. Be6 Rd8 43. Qg1 Rd1 44. Kh3 1-0

[Event "Late-Titled-Tuesday-Blitz-April-02-2024"]
[Site "Chess.com"]
[Date "2024.04.02"]
[Round "1"]
[White "ATM622"]
[Black "shimastream"]
[Result "0-1"]
[WhiteElo "2522"]
[BlackElo "3006"]
[TimeControl "180+1"]
[EndTime "14:06:33 PDT"]
[Termination "shimastream won by resignation"]

1. d4 g6 2. c4 Bg7 3. Nf3 d6 4. g3 Nd7 5. Bg2 e5 6. O-O Ne7 7. Nc3 O-O 8. dxe5 dxe5 9. e4 f5 10. Ng5 Nf6 11. exf5 gxf5 12. Nd5 c6 13. Nxf6+ Bxf6 14. Qh5 Bxg5 15. Bxg5 Qe8 16. Qxe8 Rxe8 17. Rfe1 Ng6 18.
Rad1 Be6 19. b3 a5 20. Bf6 e4 21. f3 Kf7 22. Bc3 exf3 23. Bxf3 a4 24. Rf1 axb3 25. axb3 Ra3 26. Rb1 Kg8 27. Bh5 Rd8 28. Rfe1 Kf7 29. Bb4 Ra2 30. Rbd1 Rxd1 31. Rxd1 Rb2 32. Rd3 b5 33.
cxb5 cxb5 34. Bd1 Ne5 35. Re3 Ng4 36. Rc3 Rb1 37. Rd3 Bxb3 38. Rxb3 Rxd1+ 39. Kg2 Rd5 40. h3 Nf6 41. Rc3 Ne4 42. Rc7+ Kg6 43. Rc6+ Kg5 44. Rc7 h5 45. Rc6 f4 46. Be7+ Kf5 47. gxf4 Kxf4 48. Bf8 Rd2+ 49. Kg1 Kf3 50. Rc7 Ng5 51. Rf7+ Nxf7 0-1

[Event "Late-Titled-Tuesday-Blitz-April-02-2024"]
[Site "Chess.com"]
[Date "2024.04.02"]
[Round "1"]
[White "temus_galaktionov"]
[Black "cthulhuuu"]
[Result "1-0"]
[WhiteElo "2845"]
[BlackElo "2460"]
[TimeControl "180+1"]
[EndTime "14:06:34 PDT"]
[Termination "temus_galaktionov won on time"]

1. d4 Nf6 2. Nf3 g6 3. c4 Bg7 4. Nc3 O-O 5. e4 d6 6. Be2 e5 7. O-O exd4 8. Nxd4 Re8 9. f3 Nc6 10. Be3 Bd7 11. Qd2 Nxd4 12. Bxd4 Bc6 13. Rae1 Nd7 14. Bxg7 Kxg7 15. Bd1 a5 16. Ba4 Nc5 17. Bxc6 bxc6 18. f4 f6 19. b3 Qe7 20. Re2 Rab8 21. Rfe1 a4 22. Nxa4 Nxa4 23. bxa4 Qe6 24. Qc3 Qg4 25. e5 dxe5 26. fxe5 f5 27. e6+ Kg8 28. h3 Qf4 29. e7 c5 30. Rd2 Qg5 31. Rd7 c6 32. Qe5 Kf7 33. a5 1-0

[Event "Late-Titled-Tuesday-Blitz-April-02-2024"]
[Site "Chess.com"]
[Date "2024.04.02"]
[Round "1"]
[White "RaugintaBulba"]
[Black "only_strong_moves"]
[Result "0-1"]
[WhiteElo "2422"]
[BlackElo "2756"]
[TimeControl "180+1"]
[EndTime "14:06:34 PDT"]
[Termination "only_strong_moves won by checkmate"]

1. d4 Nf6 2. c4 e6 3. Nf3 d5 4. g3 Be7 5. Bg2 O-O 6. O-O dxc4 7.
Ne5 a6 8. Nxc4 c6 9. Ne5 Nbd7 10.
Nd3 Nb6 11. e3 Bd7 12. Nc3 Qc7 13. e4 Rfd8 14. Bf4 Qc8 15. Qe2 Be8 16. Be3 Nc4 17.
Ne5 Nxe3 18. fxe3 b5 19. Rac1 Qb7 20. a3 Rac8 21. b4 a5 22. Nd3 Qa7 23. g4 Nd7 24. e5 Nb6 25. Ne4 Nd5 26. g5 axb4 27. axb4 Nxb4 28. Rf3 Nxd3 29. Qxd3 c5 30. Rh3 g6 31.
Nf6+ Bxf6 32. gxf6 cxd4 33. Rxc8 Rxc8 34. exd4 Rc1+ 35.
Bf1 Qa1 36. Rf3 b4 37. Qe3 Bb5 38. Qh6 Rxf1+ 39. Kg2 Qb2+ 40. Kg3 Rg1+ 41. Kh3 Qg2+ 42. Kh4 Qg4# 0-1

[Event "Late-Titled-Tuesday-Blitz-April-02-2024"]
[Site "Chess.com"]
[Date "2024.04.02"]
[Round "1"]
[White "Alexei_Gubajdullin"]
[Black "laskakid"]
[Result "1-0"]
[WhiteElo "2617"]
[BlackElo "2290"]
[TimeControl "180+1"]
[EndTime "14:06:35 PDT"]
[Termination "Alexei_Gubajdullin won on time"]

1. Nf3 d6 2. g3 e5 3. Bg2 Nf6 4.
O-O g6 5. c4 Bg7 6. Nc3 O-O 7.
d3 c6 8. Bg5 h6 9. Bxf6 Qxf6 10.
Nd2 Qd8 11. Rb1 Re8 12. b4 Be6 13. b5 d5 14. bxc6 bxc6 15. Qa4 e4 16. cxd5 cxd5 17. Ncxe4 dxe4 18. Bxe4 Bd7 19. Qc4 Nc6 20. Bd5 Ne5 21. Qa6 Rc8 22. Nc4 Nxc4 23. dxc4 Rxe2 24. Qxg6 Be6 25.
Qd3 Rxa2 26. Rb7 Bxd5 27. cxd5 Rcc2 28. Qb3 Rab2 29. Qa4 Rxb7 30. Qxc2 Qxd5 31. Rd1 Qf3 32. Rd3 Qg4 33. Rd8+ Bf8 34. Kg2 Re7 35.
f3 Qe6 36. Qc3 Qe2+ 37. Kh3 Qf1+ 38. Kh4 Kh7 39. Rxf8 1-0

[Event "Late-Titled-Tuesday-Blitz-April-02-2024"]
[Site "Chess.com"]
[Date "2024.04.02"]
[Round "1"]
[White "Janh4"]
[Black "Juicy_Fork"]
[Result "1-0"]
[WhiteElo "2180"]
[BlackElo "2553"]
[TimeControl "180+1"]
[EndTime "14:06:37 PDT"]
[Termination "Janh4 won on time"]

1. d4 Nf6 2. Nc3 d5 3. Bf4 g6 4. e3 Bg7 5. h4 h5 6. Nf3 O-O 7. Ne5 c5 8. Qd2 Nc6 9. f3 cxd4 10. exd4 Qb6 11. O-O-O Bf5 12. Bd3 Bxd3 13. Qxd3 Rac8 14. Kb1 Na5 15. Ka1 Nc4 16. Bc1 e6 17. g4 Nxe5 18.
dxe5 Nd7 19. f4 Nc5 20. Qe2 d4 21. Ne4 Nxe4 22. Qxe4 hxg4 23. h5 Qc6 24. Qxc6 Rxc6 25. hxg6 1-0

[Event "Late-Titled-Tuesday-Blitz-April-02-2024"]
[Site "Chess.com"]
[Date "2024.04.02"]
[Round "1"]
[White "ChessAdvanceUSA"]
[Black "DreamsAreFake"]
[Result "0-1"]
[WhiteElo "2414"]
[BlackElo "2743"]
[TimeControl "180+1"]
[EndTime "14:06:40 PDT"]
[Termination "DreamsAreFake won by resignation"]

1. Nf3 Nf6 2. d4 b6 3. g3 Bb7 4. Bg2 g6 5. O-O Bg7 6. c3 O-O 7. a4 a6 8. Bf4 d6 9. Na3 Nbd7 10. Nc4 c5 11. b4 cxb4 12. cxb4 Nd5 13. Bd2 N7f6 14.
Ne3 Qd7 15. Nxd5 Bxd5 16. Ne1 Rfc8 17. Nd3 Bxg2 18. Kxg2 Qc6+ 19. f3 Qc4 20. Rc1 Qxd4 21. Qb3 Nd5 22. e4 Ne3+ 23. Bxe3 Qxe3 24. Rxc8+ Rxc8 25.
Qd5 Rc2+ 26. Rf2 Rxf2+ 27. Nxf2 Bd4 28. Ng4 Qg1+ 29. Kh3 Kg7 30. e5 h6 31. f4 dxe5 32.
Nxe5 e6 33. Qe4 Qf1+ 34. Kh4 g5+ 35. fxg5 hxg5+ 36. Kxg5 Bxe5 37. Qxe5+ f6+ 38. Kg4 fxe5 0-1

[Event "Late-Titled-Tuesday-Blitz-April-02-2024"]
[Site "Chess.com"]
[Date "2024.04.02"]
[Round "1"]
[White "GodzillaChessYoutube"]
[Black "Laico"]
[Result "1-0"]
[WhiteElo "2695"]
[BlackElo "2394"]
[TimeControl "180+1"]
[EndTime "14:06:40 PDT"]
[Termination "GodzillaChessYoutube won on time"]

1. c4 e5 2. e3 Nc6 3. Nc3 f5 4.
d4 Bb4 5. Ne2 exd4 6. exd4 Qe7 7.
Qd3 Nf6 8. Bg5 O-O 9. O-O-O Qf7 10. Bxf6 Qxf6 11. Nd5 Qd6 12. a3 Ba5 13. Nef4 g5 14. Nh3 h6 15. Qb3 Kh8 16. c5 Qg6 17. Qc4 b5 18. Qxb5 Rb8 19. Qc4 d6 20. Bd3 dxc5 21. dxc5 Ne5 22. Qd4 Qg7 23. b4 c6 24. Rhe1 cxd5 25.
Qxe5 1-0

[Event "Late-Titled-Tuesday-Blitz-April-02-2024"]
[Site "Chess.com"]
[Date "2024.04.02"]
[Round "1"]
[White "Mikayel99"]
[Black "Grischuk"]
[Result "0-1"]
[WhiteElo "2541"]
[BlackElo "3073"]
[TimeControl "180+1"]
[EndTime "14:06:41 PDT"]
[Termination "Grischuk won by resignation"]

1. e4 e5 2. Nf3 Nc6 3. Bb5 a6 4.
Ba4 Nge7 5. O-O Ng6 6. c3 d5 7. d4 dxe4 8. Nxe5 Nxe5 9. dxe5 Qxd1 10. Rxd1 Bd7 11. Bc2 Nxe5 12. Bxe4 O-O-O 13. Bf4 Bd6 14. Nd2 Rhe8 15. Bg3 f5 16. Bc2 g5 17. Bxe5 Bxe5 18. Nf3 Bf6 19. Re1 h6 20. Rad1 f4 21. Rxe8 Rxe8 22. a3 g4 23. Nd2 h5 24. Ne4 Be7 25.
f3 Rg8 26. fxg4 hxg4 27. Bb3 Rf8 28. Nf2 Bc5 29. Kf1 g3 30. Ne4 gxh2 31. Ke2 Bg4+ 0-1

[Event "Late-Titled-Tuesday-Blitz-April-02-2024"]
[Site "Chess.com"]
[Date "2024.04.02"]
[Round "1"]
[White "AryanTari"]
[Black "merinasian"]
[Result "1-0"]
[WhiteElo "2960"]
[BlackElo "2509"]
[TimeControl "180+1"]
[EndTime "14:06:41 PDT"]
[Termination "AryanTari won by resignation"]

1. e4 d6 2. d4 Nd7 3. Nc3 g6 4. f4 Bg7 5. Nf3 c5 6. Be3 Ngf6 7. dxc5 dxc5 8. e5 Ng4 9. Bg1 O-O 10. Qd2 a6 11.
O-O-O b5 12. Bxc5 Qa5 13. Bxe7 b4 14. Qd5 Qxd5 15. Nxd5 Nf2 16. Bxf8 Nxf8 17. Bc4 Nxh1 18.
Rxh1 a5 19. Ng5 Ne6 20. Nxe6 Bxe6 21. Nc7 Rc8 22. Nxe6 Rxc4 23. Nxg7 Kxg7 24. Rf1 a4 25.
Kd2 h6 26. Kd3 Rc5 27. c4 bxc3 28. bxc3 g5 29. g3 gxf4 30. gxf4 Kg6 31. f5+ Kg5 32. Kd4 Rc8 33. c4 Rd8+ 34. Ke4 Rd2 35. Rc1 Re2+ 36. Kd5 Kxf5 37. c5 Rd2+ 38. Kc4 Kxe5 39. a3 f5 40. Kb5 Rd4 41. c6 Rd5+ 42. Ka6 Rd8 43. c7 Rc8 44. Kb7 Rxc7+ 45. Kxc7 f4 46. Kb6 f3 47. Kb5 Ke4 48. Kxa4 Ke3 49. Kb5 f2 50. a4 Ke2 51. a5 f1=Q 52. Rxf1 Kxf1 53.
a6 Kg2 54. h4 Kh2 55. a7 1-0

[Event "Late-Titled-Tuesday-Blitz-April-02-2024"]
[Site "Chess.com"]
[Date "2024.04.02"]
[Round "1"]
[White "familijatop71"]
[Black "IamSchrodingersCat"]
[Result "0-1"]
[WhiteElo "2310"]
[BlackElo "2627"]
[TimeControl "180+1"]
[EndTime "14:06:42 PDT"]
[Termination "IamSchrodingersCat won on time"]

1. e4 c5 2. c3 g6 3. d4 cxd4 4.
cxd4 d5 5. e5 Nc6 6. Bb5 Nh6 7.
Nc3 Bg7 8. h3 O-O 9. Nf3 Bd7 10.
Bxc6 Bxc6 11. O-O e6 12. b3 Rc8 13. Re1 Nf5 14. Bg5 Qa5 15. Ne2 Rfe8 16. g4 Ne7 17. h4 Bb5 18. Ng3 Qc3 19. Rc1 Qb2 20. Rxc8 Nxc8 21. h5 Qxa2 22. Bf6 Qa3 23. hxg6 hxg6 24. Ng5 Qf8 25. Qf3 Nb6 26. Kg2 Nd7 27. Rh1 Bh6 0-1

[Event "Late-Titled-Tuesday-Blitz-April-02-2024"]
[Site "Chess.com"]
[Date "2024.04.02"]
[Round "1"]
[White "Sanyura"]
[Black "Mariia89"]
[Result "1-0"]
[WhiteElo "2612"]
[BlackElo "2283"]
[TimeControl "180+1"]
[EndTime "14:06:43 PDT"]
[Termination "Sanyura won by resignation"]

1. e4 c6 2. d4 d5 3. e5 Bf5 4. c4 e6 5. Nc3 Nd7 6. h4 h5 7. Nge2 Ne7 8. Ng3 Bg6 9. Bg5 Qb6 10. Rc1 Qxb2 11. Be2 Nf5 12. Nxf5 Bxf5 13. cxd5 exd5 14.
Bxh5 Bb4 15. Bd2 Bxc3 16. Bxc3 Qxa2 17. O-O g6 18. Be2 Rxh4 19. g4 Be6 20. Ra1 Qxe2 21. Qxe2 Rxg4+ 22. Kh2 O-O-O 23. Qxg4 Bxg4 24. Rxa7 Be2 25. Re1 Rh8+ 26. Kg3 Ba6 27. Ra8+ Nb8 28. Bb4 b6 29.
Ra1 Kb7 30. R1xa6 Nxa6 31. Rxh8 Nxb4 32. Rf8 c5 33. Rxf7+ Ka6 34. dxc5 bxc5 35. e6 Nc6 36. Rd7 Kb5 37. Rxd5 Kc4 38. Rd7 Nd4 39. e7 Nf5+ 40.
Kf4 Nxe7 41. Rxe7 Kd3 42. Kg5 c4 43. Kxg6 c3 44. f4 c2 45. Rc7 1-0

[Event "Late-Titled-Tuesday-Blitz-April-02-2024"]
[Site "Chess.com"]
[Date "2024.04.02"]
[Round "1"]
[White "mightysmasher"]
[Black "HipsterChess22"]
[Result "1-0"]
[WhiteElo "2577"]
[BlackElo "2187"]
[TimeControl "180+1"]
[EndTime "14:06:44 PDT"]
[Termination "mightysmasher won on time"]

1. e4 c6 2. d4 d5 3. Nd2 dxe4 4. Nxe4 Nf6 5. Nxf6+ exf6 6. c3 Bd6 7. Bd3 O-O 8.
Ne2 Re8 9. O-O Nd7 10. Bf4 Nf8 11. Bxd6 Qxd6 12. Ng3 g6 13. Qf3 f5 14. Rad1 Be6 15. c4 Qxd4 16. Bxf5 Qxc4 17. Bxe6 Nxe6 18. Ne4 Red8 19.
Nd6 Qf4 20. Qxf4 Nxf4 21. Nxb7 Rxd1 22. Rxd1 Rb8 23. Rd7 Ne6 24. b3 h5 25. Nd6 Rd8 26.
Rxd8+ Nxd8 27. Kf1 Kf8 28. Ke2 a6 29. Kd3 Ke7 30.
Nc4 f6 31. Kd4 Nb7 32. h3 Ke6 33. g4 hxg4 34. hxg4 g5 35. f3 c5+ 36. Kd3 Nd8 37. Ke4 Nc6 38. a3 1-0

[Event "Late-Titled-Tuesday-Blitz-April-02-2024"]
[Site "Chess.com"]
[Date "2024.04.02"]
[Round "1"]
[White "ansko1999"]
[Black "Kostukov_Alex"]
[Result "1-0"]
[WhiteElo "2621"]
[BlackElo "2293"]
[TimeControl "180+1"]
[EndTime "14:06:46 PDT"]
[Termination "ansko1999 won on time"]

1. c4 g6 2. d4 Bg7 3. Nc3 d6 4. Nf3 e5 5. dxe5 dxe5 6. Qxd8+ Kxd8 7. Bg5+ f6 8. O-O-O+ Nd7 9. Be3 Bh6 10. Nd5 Bxe3+ 11.
Nxe3 c6 12. g4 Ke7 13. h4 Nc5 14. h5 gxh5 15. Rxh5 Ne4 16. Rh2 Be6 17. Nh4 Nh6 18. f3 Ng5 19. b3 a5 20. c5 a4 21. Kb2 axb3 22. axb3 Ra5 23. b4 Ra2+ 24. Kc3 Rha8 25. Nc2 Nhf7 26. e3 b6 27. cxb6 Rb8 28. Bc4 Bxc4 29.
Kxc4 Rxb6 30. Kb3 Ra8 31. Nf5+ Kf8 32. f4 exf4 33. exf4 Ne6 34. Rxh7 Nxf4 35. Rd7 1-0

[Event "Late-Titled-Tuesday-Blitz-April-02-2024"]
[Site "Chess.com"]
[Date "2024.04.02"]
[Round "1"]
[White "CarlosjPineror"]
[Black "1g60-1"]
[Result "0-1"]
[WhiteElo "2676"]
[BlackElo "2410"]
[TimeControl "180+1"]
[EndTime "14:06:47 PDT"]
[Termination "1g60-1 won by resignation"]

1. e4 e6 2. d4 d5 3. e5 c5 4. c3 Nc6 5. Nf3 Bd7 6. a3 f6 7. Bd3 Qc7 8. exf6 Nxf6 9. O-O cxd4 10. cxd4 Bd6 11. Nc3 a6 12. Bg5 O-O 13. Bh4 Nh5 14. Bg3 Nf4 15. Rc1 Nxd3 16. Qxd3 Bf4 17. Rcd1 Na5 18. Bxf4 Qxf4 19. Ne5 Be8 20. g3 Qf6 21. f4 Rc8 22. Rde1 b5 23. Re2 Nc4 24. Rfe1 Nxe5 25. Rxe5 Bg6 26. Qe3 Bf5 27. Qf3 Qg6 28. Qe3 h5 29. Kg2 Rb8 30. Nd1 b4 31. a4 Rbc8 32.
Nf2 Rc2 33. Re2 Rfc8 34. h3 Rxe2 35. Qxe2 Rc2 36. Qxa6 Be4+ 37. Rxe4 Qxe4+ 38. Kf1 Rc1+ 0-1

[Event "Late-Titled-Tuesday-Blitz-April-02-2024"]
[Site "Chess.com"]
[Date "2024.04.02"]
[Round "1"]
[White "dolynachess"]
[Black "Sargsyan_Shant"]
[Result "0-1"]
[WhiteElo "2507"]
[BlackElo "2952"]
[TimeControl "180+1"]
[EndTime "14:06:48 PDT"]
[Termination "Sargsyan_Shant won on time"]

1. d4 g6 2. c4 Bg7 3. Nc3 c5 4. d5 d6 5. e4 Nf6 6. h3 O-O 7.
Nf3 e6 8. Be2 Re8 9. O-O a6 10. a4 b6 11. Re1 Ra7 12. Bf1 Rae7 13. Bf4 e5 14. Bd2 a5 15. Nb5 Na6 16. Nh2 Nc7 17.
Na7 Bd7 18. Bg5 Qa8 19. Nb5 Nxb5 20. axb5 h6 21. Bh4 Qc8 22. f3 g5 23. Bf2 h5 24. Be3 Nh7 25. Qd2 f6 26. g4 Kf7 27.
Kf2 Rh8 28. Ke2 Nf8 29. Kd1 Ng6 30. Kc2 Rh7 31. Bg2 Re8 32. Rh1 Reh8 33. Bf1 hxg4 34. hxg4 Nf4 35. Bxf4 exf4 36. Qg2 Qd8 37. Bd3 Rh4 38.
Rag1 a4 39. Nf1 a3 40. bxa3 Qa8 41. Kb3 Qa5 42. Rxh4 Rxh4 43. Qd2 Qa8 44. a4 Rh3 45. Be2 Qa7 46. a5 bxa5 47. Ka4 Rh8 48. Rg2 Ra8 49. Rh2 Qb8 50. Bd1 Qe8 51. Qg2 Qe5 52. Qh3 Qa1+ 53.
Kb3 f5 54. Qh5+ Kf8 0-1

[Event "Late-Titled-Tuesday-Blitz-April-02-2024"]
[Site "Chess.com"]
[Date "2024.04.02"]
[Round "1"]
[White "Vladimir_Zakhartsov"]
[Black "prochn"]
[Result "1-0"]
[WhiteElo "2978"]
[BlackElo "2515"]
[TimeControl "180+1"]
[EndTime "14:06:49 PDT"]
[Termination "Vladimir_Zakhartsov won on time"]

1. d4 d5 2. c4 c6 3. cxd5 cxd5 4. Bf4 Nf6 5. e3 Nc6 6. Bb5 Bd7 7. Nc3 Rc8 8. Nf3 a6 9. Bd3 Bg4 10. O-O e6 11. h3 Bxf3 12. Qxf3 Bd6 13. Bg5 Be7 14.
Rac1 O-O 15. a3 h6 16. Bh4 Na5 17. Na4 Nb3 18. Rxc8 Qxc8 19. Qd1 Na5 20. Qd2 Nb3 21.
Qd1 Na5 22. Nc5 Nc4 23. Qc2 b6 24. Na4 b5 25. Nc5 g5 26. Bg3 Nd7 27. Nxd7 Qxd7 28. Rc1 Rc8 29. Qe2 Nb6 30. Rd1 Bd6 31. f4 Nc4 32.
Qh5 1-0

[Event "Late-Titled-Tuesday-Blitz-April-02-2024"]
[Site "Chess.com"]
[Date "2024.04.02"]
[Round "1"]
[White "EgorYakovlev"]
[Black "norwaytoadog"]
[Result "1-0"]
[WhiteElo "2659"]
[BlackElo "2365"]
[TimeControl "180+1"]
[EndTime "14:06:49 PDT"]
[Termination "EgorYakovlev won on time"]

1. e4 e5 2. Nf3 Nc6 3. c3 Nf6 4.
d4 Nxe4 5. d5 Bc5 6. dxc6 Bxf2+ 7.
Ke2 Bb6 8. Qd5 Nf2 9. cxb7 Bxb7 10. Qxb7 O-O 11. Rg1 c6 12. Qa6 e4 13. Nd4 Qf6 14.
Be3 Ng4 15. Nd2 d5 16. b4 Qh4 17. g3 Qxh2+ 18. Rg2 Qh5 19. N2b3 f5 20. Kd2 Nxe3 21. Kxe3 f4+ 22. gxf4 Qf3+ 23. Kd2 Qxf4+ 24. Kc2 e3 25. Qb7 Qe4+ 26. Kb2 g6 27. Rh2 h5 28.
Rd1 Rae8 29. Bd3 Qg4 30. Re1 Rf2+ 31. Rxf2 Qg3 32. Rfe2 Rf8 33. Qxc6 Rf2 34. Qxg6+ Qxg6 35. Bxg6 1-0

[Event "Late-Titled-Tuesday-Blitz-April-02-2024"]
[Site "Chess.com"]
[Date "2024.04.02"]
[Round "1"]
[White "lamomiajunior"]
[Black "Supelyel"]
[Result "1-0"]
[WhiteElo "2713"]
[BlackElo "2410"]
[TimeControl "180+1"]
[EndTime "14:06:51 PDT"]
[Termination "lamomiajunior won on time"]

1. d4 d6 2. e4 Nf6 3. Nc3 e5 4. Nf3 Nbd7 5. a4 Be7 6. Bc4 O-O 7. O-O c6 8. h3 h6 9. Re1 Re8 10. a5 Rb8 11. b3 b5 12. axb6 axb6 13. Bd3 b5 14. Bb2 Qc7 15. Ne2 c5 16. dxc5 Nxc5 17.
Ng3 b4 18. Bc4 Bf8 19. Qe2 Be6 20. Rad1 Ra8 21. Ra1 Qb7 22. Bxe6 Nxe6 23. Nd2 Nf4 24. Qf3 Rac8 25. Nc4 Qc7 26. Rad1 Ng6 27. Nf5 Red8 28. g3 Qc6 29. Nxh6+ gxh6 30. Qxf6 Be7 31. Qf3 Ra8 32. h4 Ra2 33. h5 Nf8 34. Ra1 Rda8 35. Rxa2 Rxa2 36.
Kg2 Ne6 37. Qg4+ Kf8 38. Rd1 Ng5 39. f3 Ne6 40. Qf5 Ng5 41. Ra1 Rxa1 42. Bxa1 Qa6 43. Bb2 Qa2 44. f4 Ne6 45. fxe5 dxe5 46. Nxe5 Ng5 47.
Nc4 Qb1 48. Qf2 Nxe4 49. Qe2 Nf6 50. Be5 Kg7 51. Bd4 Kf8 52. Ne5 Qc1 53. Nc6 Bd8 54. Nxd8 Qg5 55. Nc6 1-0

[Event "Late-Titled-Tuesday-Blitz-April-02-2024"]
[Site "Chess.com"]
[Date "2024.04.02"]
[Round "1"]
[White "Evgeny81"]
[Black "czasnaszachy"]
[Result "1-0"]
[WhiteElo "2757"]
[BlackElo "2422"]
[TimeControl "180+1"]
[EndTime "14:06:52 PDT"]
[Termination "Evgeny81 won by checkmate"]

1. e4 c5 2. Nf3 a6 3. c3 d5 4.
exd5 Qxd5 5. d4 Nf6 6. Be2 e6 7. O-O Nc6 8. c4 Qd8 9. Be3 cxd4 10. Nxd4 Bd7 11. Nc3 Be7 12. Bf3 Qc7 13. Rc1 O-O 14. Nd5 exd5 15. cxd5 Rfd8 16. dxc6 Bxc6 17. Bxc6 bxc6 18. Qf3 c5 19. Nc6 Rdc8 20. Bxc5 Qxc6 21. Qxc6 Rxc6 22. Bxe7 Rac8 23. Rxc6 Rxc6 24. Rd1 h6 25.
Bxf6 Rxf6 26. g3 Rb6 27. b3 Rc6 28. Rd5 g6 29. g4 Kf8 30. Kg2 Ke7 31. h4 Ke6 32.
Ra5 Kd7 33. Kg3 Kc7 34. h5 Kb6 35. Re5 Rc2 36. hxg6 fxg6 37. Re6+ Kb5 38. a4+ Ka5 39. Rxg6 Rc3+ 40. f3 Rxb3 41. Rxh6 Rb4 42. g5 Rxa4 43. g6 Ra1 44. Rh5+ Kb4 45. Rg5 Rg1+ 46. Kf4 Rxg5 47.
Kxg5 a5 48. g7 a4 49. g8=Q a3 50. Qa2 Ka4 51. Kf4 Kb4 52. Ke4 Ka4 53. Kd4 Kb4 54. f4 Ka4 55. f5 Kb4 56. f6 Ka4 57. Kc4 Ka5 58. Kc5 Ka4 59. f7 Ka5 60. f8=Q Ka4 61. Qff2 Ka5 62. Qfb2 Ka4 63. Qaxa3# 1-0

[Event "Late-Titled-Tuesday-Blitz-April-02-2024"]
[Site "Chess.com"]
[Date "2024.04.02"]
[Round "1"]
[White "emeli_chess"]
[Black "Rodalquilar"]
[Result "0-1"]
[WhiteElo "2419"]
[BlackElo "2740"]
[TimeControl "180+1"]
[EndTime "14:06:52 PDT"]
[Termination "Rodalquilar won on time"]

1. d4 d5 2. c4 e6 3. Nc3 a6 4.
cxd5 exd5 5. Nf3 Nf6 6. Bg5 Be6 7. e3 Nbd7 8. Bd3 Bd6 9. O-O c6 10. Bh4 Qc7 11. Rc1 h6 12. e4 dxe4 13. Nxe4 Nxe4 14.
Bxe4 Nb6 15. d5 Nxd5 16. Bxd5 Bxd5 17. Re1+ Kf8 18. Bg3 Bxg3 19. hxg3 Rd8 20. Qe2 g6 21. b3 Kg7 22. Qb2+ Kh7 23. Qf6 Rd6 24. Re7 Rxf6 25.
Rxc7 Rb8 26. Re1 a5 27. Ree7 b5 28. Ne5 Kg7 29. Nd7 Rd8 30. Nxf6 Kxf6 31. Red7 Re8 32. Kf1 a4 33. bxa4 bxa4 34. a3 Bc4+ 35. Kg1 Re1+ 36. Kh2 Bd5 37. Ra7 Re2 38. Kg1 Re1+ 39. Kh2 Rf1 40.
f3 Ke6 41. Re7+ Kd6 42. Reb7 Bb3 43. Rb4 c5 44. Rf4 Ra1 45. Ra6+ Kd5 46. Rxf7 c4 47. Rd7+ Kc5 48. Rxg6 Rxa3 49. Rc7+ Kb4 50. Rxh6 Ra1 51.
Rhc6 a3 52. Rb7+ Kc3 53. Ra6 Kb2 54. Rba7 a2 0-1

[Event "Late-Titled-Tuesday-Blitz-April-02-2024"]
[Site "Chess.com"]
[Date "2024.04.02"]
[Round "1"]
[White "Perecke"]
[Black "KVAIDAN"]
[Result "1-0"]
[WhiteElo "2622"]
[BlackElo "2295"]
[TimeControl "180+1"]
[EndTime "14:06:52 PDT"]
[Termination "Perecke won by checkmate"]

1. e4 e5 2. Nf3 d5 3. exd5 e4 4. Ne5 Qxd5 5. d4 exd3 6. Nxd3 Nf6 7. Nc3 Bb4 8. Bd2 Bxc3 9. Bxc3 Nc6 10. Qd2 Bg4 11. f3 Bh5 12. O-O-O O-O-O 13. h4 Bg6 14. Nf4 Qf5 15. Bd3 Qc5 16. Nxg6 hxg6 17. g4 Nd5 18.
Bxg7 Rhg8 19. Bh6 Ndb4 20. Kb1 Nxd3 21. cxd3 Nd4 22. Be3 Qd5 23. Bxd4 Qxd4 24. h5 gxh5 25. gxh5 Rh8 26. h6 Qf6 27. Rh3 Rd6 28. h7 Qg6 29. Rdh1 Rxd3 30. Qc2 Qd6 31. a3 Rd2 32. Qc3 Qd8 33. Ka2 Rd3 34. Qe5 Rd5 35. Qc3 b6 36. Rg3 Kb7 37. Qxh8 Qxh8 38. Rg8 Rd8 39. Rxd8 Qxd8 40.
h8=Q Qd5+ 41. Ka1 Qxf3 42. Qh3 Qc6 43. Rh2 Ka6 44. Qd3+ b5 45. Rc2 Qh1+ 46. Ka2 Qb7 47. Qc3 Qd5+ 48. Qb3 Qd7 49. Qc3 Qd4 50. b3 Qxc3 51.
Rxc3 Kb6 52. Rf3 c5 53. Rxf7 Ka5 54. Rf6 a6 55. Kb2 c4 56. b4+ Ka4 57. Rxa6# 1-0

[Event "Late-Titled-Tuesday-Blitz-April-02-2024"]
[Site "Chess.com"]
[Date "2024.04.02"]
[Round "1"]
[White "Szachulec75"]
[Black "subham777"]
[Result "0-1"]
[WhiteElo "2036"]
[BlackElo "2557"]
[TimeControl "180+1"]
[EndTime "14:06:52 PDT"]
[Termination "subham777 won by resignation"]

1. Nf3 d5 2. g3 Nf6 3. Bg2 e6 4. d3 Be7 5. O-O O-O 6. Nbd2 c5 7. e4 dxe4 8. dxe4 Nc6 9. c3 Qc7 10.
Qc2 b5 11. Re1 Bb7 12. h3 Rfd8 13. Nf1 a5 14. Bf4 e5 15. Bg5 Bc8 16. a4 b4 17.
Ne3 Be6 18. Bxf6 Bxf6 19. Bf1 Ne7 20. Nd2 Qd7 21. Ndc4 Qb7 22. f3 h5 23. h4 g5 24.
hxg5 Bxg5 25. Nxe5 h4 26. f4 Qc7 27. Nf3 Bh6 28. Nxh4 Rd7 29. Qh2 Rad8 30. Rad1 Rxd1 31. Rxd1 Rxd1 32. Nxd1 Bb3 33. Ne3 Bg7 34. Nhf5 Nxf5 35. Nxf5 Qd8 36. Qh5 Be6 37. Nxg7 Kxg7 38. f5 Bb3 39.
Qg4+ Kf8 40. e5 Qd2 41. Qf4 Qxf4 42. gxf4 Bxa4 43. Kf2 Bc2 44. f6 a4 45. cxb4 cxb4 46.
Ke2 a3 47. bxa3 bxa3 48. Kd2 a2 49. Kxc2 a1=Q 50. Bd3 Qa4+ 51. Kd2 Qxf4+ 52. Kc3 Qxe5+ 53. Kc4 Qxf6 0-1

[Event "Late-Titled-Tuesday-Blitz-April-02-2024"]
[Site "Chess.com"]
[Date "2024.04.02"]
[Round "1"]
[White "Zq1"]
[Black "sacrifoice"]
[Result "1-0"]
[WhiteElo "2603"]
[BlackElo "2270"]
[TimeControl "180+1"]
[EndTime "14:06:53 PDT"]
[Termination "Zq1 won on time"]

1. d4 Nf6 2. c4 g6 3. Nc3 Bg7 4.
e4 d6 5. Nf3 O-O 6. Be2 Nbd7 7.
O-O e5 8. Be3 Ng4 9. Bg5 f6 10.
Bd2 f5 11. Ng5 Ndf6 12. d5 Qe7 13. f3 Nh6 14. exf5 gxf5 15. Bd3 Bd7 16. Qc2 Rae8 17. Rae1 Nh5 18. g4 Nf6 19. gxf5 c6 20. Ne6 Rf7 21. Kh1 cxd5 22. cxd5 e4 23. fxe4 Nhg4 24. Bg5 h6 25. Bh4 Kh7 26. Rg1 Rg8 27. Rxg4 Nxg4 28. Bxe7 Bxc3 29.
bxc3 Bxe6 30. dxe6 Rxe7 31. e5 Rc7 32. f6+ Kh8 33.
Rg1 Rxc3 34. Rxg4 1-0

[Event "Late-Titled-Tuesday-Blitz-April-02-2024"]
[Site "Chess.com"]
[Date "2024.04.02"]
[Round "1"]
[White "CURRUTACO59"]
[Black "secretworker2027"]
[Result "0-1"]
[WhiteElo "2261"]
[BlackElo "2601"]
[TimeControl "180+1"]
[EndTime "14:06:53 PDT"]
[Termination "secretworker2027 won by resignation"]

1. Nf3 Nf6 2. d4 d5 3. c4 c6 4. e3 Bf5 5. Nc3 e6 6. Bd3 Bxd3 7. Qxd3 Bb4 8. O-O O-O 9. a3 Bxc3 10. bxc3 Nbd7 11. a4 Re8 12. cxd5 cxd5 13. c4 Rc8 14. cxd5 exd5 15. Ba3 Ne4 16. Rfc1 Qa5 17. Qb3 Nb6 18. Bb4 Qa6 19. Bc5 Nc4 20. Bb4 Qg6 21. h3 b6 22. a5 b5 23. a6 Rc6 24. Be1 Rb6 25. Ba5 Rxa6 26. Qxb5 Qc6 27. Qxc6 Rxc6 28. Bb4 a6 29. Ra2 Ra8 30. Rca1 a5 31. Ne5 Rca6 32. Nd7 f6 33. Nc5 Nxc5 34. Bxc5 a4 35. Kf1 Kf7 36. Ke2 Ke6 37. Kd3 Kd7 38. e4 Kc6 39. f3 Rb8 40. Rxa4 Rxa4 41. Rxa4 Nb2+ 0-1